 Dungeon Crawl Stone Soup version 0.28-a0-1190-g77e1c55843 (webtiles) character file.

Game seed: 16240112983870029387

1673 enile the Covert (level 9, -6/48 HPs)
             Began as a Kobold Delver on Dec 19, 2021.
             Was an Elder of Hepliaklqana.
             Mangled by Harold (21 damage)
             ... on level 6 of the Dungeon.
             The game lasted 00:15:20 (6691 turns).

enile the Covert (Kobold Delver)                    Turns: 6691, Time: 00:15:21

Health: -6/48      AC:  3    Str: 12    XL:     9   Next: 21%
Magic:  12/12      EV:  8    Int: 11    God:    Hepliaklqana [****..]
Gold:   149        SH:  0    Dex: 18    Spells: 8/8 levels left

rFire   + . .      SeeInvis +   y - +0 dagger (venom)
rCold   + . .      Faith    +   (shield restricted)
rNeg    . . .      Spirit   .   b - +0 leather armour
rPois   +          Reflect  .   (no helmet)
rElec   +          Harm     .   (no cloak)
rCorr   +          Rampage  .   (no gloves)
Will    +....                   (no boots)
Stlth   ++........              p - amulet of faith
HPRegen 0.16/turn               u - ring of willpower
MPRegen 0.13/turn               t - ring of see invisible

@: confused, resistant, ambrosia-drunk, marked, held
A: reduced essence, small, no large weapons, nightstalker 3
a: Renounce Religion, Recall Ancestor, Ancestor Identity, Transference, Idealise


You were on level 6 of the Dungeon.
You worshipped Hepliaklqana.
Hepliaklqana was greatly pleased with you.
You visited 1 branch of the dungeon, and saw 7 of its levels.

You collected 269 gold pieces.
You spent 120 gold pieces at shops.

Inventory:

Hand Weapons
 a - a +0 short sword
 h - a +1 whip of venom
 q - a +1 dagger of protection
 y - a +0 dagger of venom (weapon)
 G - a +1 vampiric trident
Missiles
 D - a curare-tipped dart
 E - 17 poisoned darts (quivered)
Armour
 b - a +0 leather armour (worn)
 k - a +2 cloak of poison resistance
 m - a +0 leather armour
 s - a scarf of harm
 B - a +0 chain mail
 H - a +0 scale mail
Jewellery
 p - an amulet of faith (around neck)
 t - a ring of see invisible (right hand)
 u - a ring of willpower (left hand)
Wands
 g - a wand of digging (3)
Scrolls
 c - 3 scrolls of fog
 d - 2 scrolls of magic mapping
 e - 3 scrolls of immolation {unknown}
 j - a scroll of acquirement {unknown}
 n - 3 scrolls of teleportation
 w - a scroll of holy word
Potions
 f - a potion of haste
 i - 2 potions of mutation
 l - 2 potions of heal wounds {unknown}
 o - a potion of might
 r - a potion of curing
 v - a potion of attraction
 x - a potion of magic
 C - a potion of invisibility {unknown}


   Skills:
 - Level 5.0 Fighting
 + Level 7.9 Short Blades
 - Level 4.0 Throwing
 - Level 5.0 Dodging
 - Level 8.0 Stealth
 - Level 2.0 Unarmed Combat
 - Level 5.0 Invocations
 - Level 4.0 Evocations


You had 8 spell levels left.
You didn't know any spells.
Your spell library contained the following spells:

 Spells                   Type           Power      Damage    Failure   Level
 Animate Skeleton         Necr           0%         N/A       41%         1
 Apportation              Tloc           0%         N/A       41%         1
 Summon Small Mammal      Summ           0%         N/A       41%         1
 Call Canine Familiar     Summ           0%         N/A       80%         3
 Dazzling Flash           Conj/Hex       0%         N/A       80%         3
 Portal Projectile        Hex/Tloc       0%         N/A       80%         3
 Leda's Liquefaction      Hex/Erth       0%         N/A       99%         4
 Agony                    Necr           0%         N/A       100%        5
 Silence                  Hex/Air        0%         N/A       100%        5


Dungeon Overview and Level Annotations

Branches:
Dungeon (7/15)             Temple (0/1) D:5

Altars:
Hepliaklqana
Vehumet
Yredelemnul

Shops:
D:4 (   D:5 (   D:6 (

Annotations:
D:6 Harold
D:7 Pikel


Innate Abilities, Weirdness & Mutations

Your life essence is reduced to manifest your ancestor. (-10% HP)
You are small and have problems with some larger weapons.
You are completely attuned to the shadows.


Message History

r - Retreat! s - Stop attacking. g - Guard the area. f - Follow me.
Anything else - Cancel.
Retreat in which direction?
Press: ? - help, Dir - move target Fall back!
The lemure hits you but does no damage. The lemure misses you.
Harold the Weathered comes into view.
He is wielding a +0 halberd.
Harold misses you.
There is a stone staircase leading up here.
Harold misses you. The lemure completely misses you.
You climb upwards.
There is a stone staircase leading down here.
Okay, then.
Harold points at you and mumbles some strange words.
A sentinel's mark forms upon you. The lemure misses you.
Harold throws a throwing net.
The throwing net hits you.
You become entangled in the net!
You see here a throwing net.
Lucius is recalled.
Harold hits you from afar with a +0 halberd!
The lemure hits you!
As you read the scroll of fear, it crumbles to dust.
You assume a fearsome visage.
Harold resists with almost no effort.
The lemure looks frightened!
Harold hits you from afar with a +0 halberd!
* * * LOW HITPOINT WARNING * * *
Okay, then.
You feel better.
Harold hits you from afar with a +0 halberd!
* * * LOW HITPOINT WARNING * * *
Okay, then.
You feel protected. Harold fires a harpoon shot at you.
The harpoon shot hits Lucius.
Lucius completely misses Harold.
You are confused.
You feel invigorated.
Harold hits you from afar with a +0 halberd!!
You die...

##### ....##### ....#...#
......#.# #### ### ......#.##
########..# #####.. #....##..#
#...@5###.# #...... #....##..#
#..R..# #.# #..#...
##..##...#####..@..# #.# #.###.#
##..##.............# #.####..#...
.####...####.##..### #..R.#...._.
.####..## #........######....#...
..##...####........##....#..###.#
..##...#...........##....#...#...
.####..#.##........#.....#.......
.####.....#........#.....##.#####
##..##..#.#..................###.


You could see the friendly Lucius the knight, Harold (ally target) and a lemure
(fleeing).

Vanquished Creatures
  Menkaure (D:5)
  2 sky beasts
  A hornet zombie (D:6)
  A necrophage (D:6)
  A kobold brigand (D:6)
  A bullfrog (D:6)
  A gnoll sergeant (D:7)
  A wyvern zombie (D:6)
  A centaur skeleton (D:4)
  A jelly (D:4)
  3 iguanas
  An orc wizard (D:7)
  6 adders
  2 gnolls (D:7)
  A shadow imp (D:7)
  An ufetubus (D:6)
  4 orcs
  4 endoplasms
  4 giant cockroaches
  2 goblins (D:2)
  7 hobgoblins
  2 jackals (D:3)
  7 kobolds
  A quokka (D:1)
  3 ball pythons
  4 bats (D:1)
  3 frilled lizards
  8 rats (D:1)
74 creatures vanquished.

Vanquished Creatures (collateral kills)
  A steam dragon (D:7)
  A water moccasin (D:6)
  An ice beast (D:6)
  A black bear (D:6)
  An ogre (D:6)
  A hound (D:5)
  An orc priest (D:6)
  A jelly (D:6)
  A killer bee zombie (D:7)
  A gnoll (D:7)
  2 adders
  5 orcs
  4 kobolds
21 creatures vanquished.

Vanquished Creatures (others)
  A fungus (D:2)
  A plant (D:2)
2 creatures vanquished.

Grand Total: 97 creatures vanquished

Notes
Turn   | Place    | Note
-------+----------+-------------------------------------------
     0 | D:5      | enile the Kobold Delver began the quest for the Orb.
     0 | D:5      | Reached XP level 1. HP: 14/14 MP: 1/1
    12 | D:5      | Found Odetsunn's Antique Weapon Boutique.
   157 | D:4      | Found Fourgh's Antique Weapon Shop.
   368 | D:3      | Reached skill level 7 in Stealth
   368 | D:3      | Reached XP level 2. HP: 20/20 MP: 2/2
   573 | D:3      | Reached XP level 3. HP: 20/24 MP: 3/3
  1116 | D:2      | Found a faded altar of an unknown god.
  1187 | D:2      | Prayed at the altar of an unknown god.
  1187 | D:2      | Became a worshipper of Hepliaklqana the Forgotten
  1187 | D:2      | Reached * piety under Hepliaklqana
  1303 | D:2      | Found a basalt altar of Yredelemnul.
  2102 | D:1      | Reached XP level 4. HP: 26/26 MP: 4/4
  2119 | D:1      | Reached ** piety under Hepliaklqana
  2134 | D:1      | Remembered your ancestor Lucius as a knight
  2980 | D:4      | Reached skill level 1 in Evocations
  3288 | D:4      | Bought a glowing dagger for 120 gold pieces
  3338 | D:4      | Reached *** piety under Hepliaklqana
  3502 | D:4      | Reached XP level 5. HP: 29/29 MP: 5/5
  3516 | D:4      | Reached skill level 5 in Short Blades
  3664 | D:5      | Noticed an ogre
  3690 | D:6      | Noticed an ice beast
  3699 | D:6      | Noticed a black bear
  3759 | D:6      | Noticed a sky beast
  3930 | D:6      | Killed an ice beast
  3931 | D:6      | Reached XP level 6. HP: 34/34 MP: 5/7
  3961 | D:6      | Noticed a necrophage
  3965 | D:6      | Killed a necrophage
  3991 | D:6      | Killed a sky beast
  3992 | D:6      | Reached XP level 7. HP: 33/39 MP: 8/10
  4047 | D:6      | Reached skill level 5 in Fighting
  4047 | D:6      | Reached skill level 1 in Unarmed Combat
  4203 | D:6      | Found a radiant altar of Vehumet.
  4484 | D:6      | Reached XP level 8. HP: 44/44 MP: 11/11
  4487 | D:6      | Reached skill level 5 in Dodging
  4487 | D:6      | Found Coci Wuqa's Weapon Shoppe.
  4919 | D:7      | Reached skill level 8 in Stealth
  5610 | D:5      | Reached skill level 5 in Invocations
  5782 | D:5      | Noticed Menkaure
  5789 | D:5      | Killed Menkaure
  5790 | D:5      | Reached XP level 9. HP: 48/48 MP: 12/12
  6001 | D:5      | Found a staircase to the Ecumenical Temple.
  6156 | D:7      | Reached **** piety under Hepliaklqana
  6659 | D:7      | Noticed Pikel
  6681 | D:7      | Noticed Harold
  6691 | D:6      | Mangled by Harold

Illustrated notes

Levels and vault maps discovered:
D:1:      minmay_arrival_up_and_down, layout_basic, minmay_strange_pillars,
          minmay_rat_gold_closets
D:2:      layout_basic, basic_altar, shapermc_ecumenical_altar_mp_urbaneastern
D:3:      layout_rooms
D:4:      layout_loops_ring, serial_shops, nicolae_shop_advertising_works
          [nicolae_subvault_shop_adworks]
D:5:      layout_cave_pools, lemuel_temple_firewalk_b, serial_shops,
          nicolae_shop_crystal, eino_small_chamber_without_monster,
          uniq_menkaure
D:6:      layout_rooms, vehumet_crystals, nicolae_stop_n_shop_1,
          minmay_misc_feat_x
D:7:      layout_cave_pools, skrybe_limestone_x, uniq_pikel, uniq_harold

Skill      XL: |  1  2  3  4  5  6  7  8  9 |
---------------+----------------------------+-----
Stealth        | 7 8 |  8.0
Fighting       | 4 5 |  5.0
Short Blades   | 3 4 6 7 |  7.9
Dodging        | 3 4 5 |  5.0
Evocations     | 2 4 |  4.0
Invocations    | 2 4 5 |  5.0
Unarmed Combat | 2 |  2.0
Throwing       | 2 4 |  4.0

Action                   |  1- 3 |  4- 6 |  7- 9 || total
-------------------------+-------+-------+-------++-------
Melee: Short sword       |    39 |       |       ||    39
       Dagger            |    32 |    59 |   131 ||   222
       Punch             |       |       |     1 ||     1
Throw: Dart              |       |       |    10 ||    10
Invok: Ancestor Life: Kn |       |     1 |       ||     1
       Recall Ancestor   |       |     2 |     3 ||     5
  Use: Scroll            |       |    11 |     2 ||    13
       Potion            |       |       |     3 ||     3
 Stab: Sleeping          |    12 |    19 |     9 ||    40
       Distracted        |     1 |     1 |       ||     2
Armor: Leather armour    |    17 |     5 |     9 ||    31
Dodge: Dodged            |    35 |    24 |    83 ||   142

Table legend: (Time is in decaauts)
 A = Elapsed time spent in this place.
 B = Non-inter-level travel time spent in this place.
 C = Inter-level travel time spent in this place.
 D = Time resting spent in this place.
 E = Time spent auto-exploring this place.
 F = Levels seen in this place.
 G = Mean time per level.
                   A        B        C        D        E       F      G
               +--------+--------+--------+--------+--------+-----+--------+
         Total |   6627 |   6256 |    371 |   1113 |   4220 |   7 |  946.7 |
       Dungeon |   6627 |   6256 |    371 |   1113 |   4220 |   7 |  946.7 |
               +--------+--------+--------+--------+--------+-----+--------+

Top non-repeatable levels by time:
     D:6: 1714 daAuts
     D:1: 1030 daAuts
     D:3: 911 daAuts
     D:4: 822 daAuts
     D:5: 734 daAuts
     D:2: 733 daAuts
     D:7: 679 daAuts
